 Dungeon Crawl Stone Soup version 0.17-a0-1504-gb7d9117 (webtiles) character file.

434 ololoev the Stinger (level 7, -5/53 HPs)
             Began as a Formicid Venom Mage on July 7, 2015.
             Was a Follower of Ru.
             Slain by an ogre
             ... wielding a +0 giant club
              (19 damage)
             ... on level 4 of the Dungeon.
             The game lasted 00:25:56 (5576 turns).

ololoev the Stinger (Formicid Venom Mage)           Turns: 5576, Time: 00:25:56

Health: -5/53      AC:  2    Str: 13    XL:     7   Next: 20%
Magic:  1/12       EV: 12    Int: 21    God:    Ru [*.....]
Gold:   100        SH:  0    Dex: 11    Spells: 3 memorised, 6 levels left

rFire  . . .     SeeInvis +     o - +0 short sword (speed)
rCold  . . .     Clarity  .     k - +0 robe (curse)
rNeg   . . .     SustAt   .     (no shield)
rPois  .         Gourm    .     (helmet unavailable)
rElec  .         Spirit   .     (no cloak)
rCorr  .         Warding  .     (no gloves)
rMut   .         Stasis   +     (no boots)
MR     .....                    (no amulet)
Stlth  +.........               e - +5 ring of intelligence
                                f - ring of loudness (curse)

@: very slightly contaminated, not resistant to hostile enchantments, very
unstealthy
A: permanent stasis, dig shafts and tunnels, four strong arms, antennae 3, no
air magic, no conjurations magic, no necromancy magic
a: Dig, Shaft Self, Renounce Religion


Innate Abilities, Weirdness & Mutations

You are under a permanent stasis effect.
You can dig through walls and to a lower floor.
Your four strong arms can wield two-handed weapons with a shield.
You have a pair of large antennae on your head (SInv).
You cannot study or cast Air magic.
You cannot study or cast Conjurations magic.
You cannot study or cast Necromancy magic.

Inventory:

Hand weapons
 o - a +0 short sword of speed (weapon)
Armour
 k - a cursed +0 robe (worn)
 n - a cursed +0 robe
Jewellery
 e - a +5 ring of intelligence (right hand)
 f - a cursed ring of loudness (left hand)
Magical devices
 b - a wand of polymorph (3)
Potions
 a - a potion of agility
 g - a potion of resistance
 h - a potion of cure mutation
 i - a potion of curing
 m - a potion of heal wounds {unknown}
 p - a potion of brilliance {unknown}
Comestibles
 c - 3 bread rations
 d - 3 meat rations
 j - a beef jerky
 l - 3 fruits


   Skills:
 + Level 3.8 Fighting
 + Level 3.5 Armour
 - Level 1.7 Dodging
 - Level 2.4 Stealth
 - Level 3.7 Spellcasting
 - Level 6.2 Poison Magic
 + Level 1.4 Evocations


You had 6 spell levels left.
You knew the following spells:

 Your Spells              Type           Power        Failure   Level  Hunger
a - Sting                 Conj/Pois      ###.         3%          1    None
c - Olgreb's Toxic Radia  Pois           ####....     12%         4    ####...
d - Cure Poison           Pois           ####......   1%          2    ##.....


You were on level 4 of the Dungeon.
You worshipped Ru.
Ru was aware of your devotion.
You were very hungry.

You visited 1 branch of the dungeon, and saw 4 of its levels.

You collected 100 gold pieces.

....## ###..###...#.#
##.#....... ....#
#.#.......####.#####....
.#..# ##.#######...#.##
##... ##..## #.#
####.#.# ##..
##...######.##
##.###.#####..#
.............## #..#
##.K.(K(##
....##........## ##.##
##.####..#
..####.........###..#
#.K# ##.# .##
##...#.....@OK.####.##
##. .##
#...###.....##..#...##
##. ..####...#
#.....####..#..#####..
...##....# #....##
#)####..##...
.........###....# ##.#
##......
.........#.....## ##..#
##.##.. #.....#........#
##...## #.####
#..............###...#.#
####
#.....######.......###.#
#.#

Notes
Turn   | Place    | Note
--------------------------------------------------------------
     0 | D:1      | ololoev the Formicid Venom Mage began the quest for the Orb.
     0 | D:1      | Reached XP level 1. HP: 13/13 MP: 3/3
   173 | D:1      | Reached XP level 2. HP: 19/19 MP: 1/5
   249 | D:1      | Reached skill level 1 in Conjurations
   599 | D:1      | Reached XP level 3. HP: 20/24 MP: 1/6
   649 | D:1      | Learned a level 3 spell: Mephitic Cloud
   967 | D:2      | Found a burning altar of Makhleb.
  1100 | D:2      | Found a sacrificial altar of Ru.
  1113 | D:2      | Became a worshipper of Ru the Awakened
  1165 | D:2      | Reached skill level 1 in Fighting
  1458 | D:2      | Reached XP level 4. HP: 13/32 MP: 0/7
  1766 | D:2      | Reached skill level 1 in Armour
  1831 | D:2      | Learned a level 4 spell: Olgreb's Toxic Radiance
  1976 | D:2      | Reached skill level 6 in Poison Magic
  2305 | D:3      | Noticed Natasha
  2458 | D:3      | Noticed Jessica
  2508 | D:2      | Reached XP level 5. HP: 36/38 MP: 1/9
  2583 | D:3      | Noticed a phantom
  2728 | D:2      | Killed Jessica
  3235 | D:3      | Reached XP level 6. HP: 46/46 MP: 5/11
  3239 | D:3      | Learned a level 2 spell: Cure Poison
  3445 | D:3      | Gained mutation: You cannot study or cast Air magic. [Ru sacrifice]
  3445 | D:3      | Gained mutation: You cannot study or cast Necromancy magic. [Ru sacrifice]
  3445 | D:3      | Gained mutation: You cannot study or cast Conjurations magic. [Ru sacrifice]
  3445 | D:3      | Acquired Ru's first power
  3775 | D:3      | Found a radiant altar of Vehumet.
  3922 | D:3      | Noticed Terence
  3930 | D:3      | Killed Terence
  4026 | D:3      | Killed Natasha
  4100 | D:3      | Noticed Natasha
  4106 | D:3      | Killed Natasha
  4111 | D:3      | Noticed Natasha
  4355 | D:3      | Killed Natasha
  4576 | D:4      | Reached skill level 1 in Evocations
  4761 | D:4      | Reached XP level 7. HP: 21/52 MP: 5/12
  5576 | D:4      | Slain by an ogre

Dungeon Overview and Level Annotations

Branches:
Dungeon (4/15)
 Temple: D:4-7

Altars:
Makhleb
Ru
Vehumet


Message History

A kobold comes into view. It is wielding a whip.
Casting: Olgreb's Toxic Radiance
Confirm with . or Enter, or press ? or * to list all spells.
You are no longer poisoned.
You are feeling very hungry.
The ogre hits you with a giant club!
The kobold is stunned by your will and fails to attack.
The kobold throws a stone.
The stone completely misses you.
You see here a stone.
You redirect the kobold's attack!
The kobold throws a stone.
The stone hits the kobold but does no damage.
Casting: Cure Poison
Confirm with . or Enter, or press ? or * to list all spells.
You miscast Olgreb's Toxic Radiance.
You are very lightly contaminated with residual magic.
Your vision is briefly tinged with green.
The ogre misses you.
The ogre looks more healthy.
Evoke which item? (* to show all) (? for menu, Esc to quit)
Zapping:
b - a wand of polymorph {zapped: 4} (will waste charges)
Press: ? - help, Shift-Dir - straight line, f - ogre
Aim: an ogre, wielding a giant club (severely wounded, chance to defeat MR: 49%)
The ogre resists with some effort.
Evoking this partially-identified wand wasted a few charges.
Evoke which item? (* to show all) (? for menu, Esc to quit)
Zapping:
b - a wand of polymorph {zapped: 7} (will waste charges)
Press: ? - help, Shift-Dir - straight line, f/p - ogre
Aim: an ogre, wielding a giant club (severely wounded, chance to defeat MR: 49%)
The ogre resists with some effort.
Evoking this partially-identified wand wasted a few charges.
The ogre completely misses you.
Evoke which item? (* to show all) (? for menu, Esc to quit)
Zapping:
b - a wand of polymorph {zapped: 9} (will waste charges)
Press: ? - help, Shift-Dir - straight line, f/p - ogre
Aim: an ogre, wielding a giant club (severely wounded, chance to defeat MR: 49%)
The ogre resists with some effort.
Evoking this partially-identified wand wasted a few charges.
The ogre hits you with a giant club!!
You die...

You could see an ogre and a kobold.

Vanquished Creatures
  An orc priest (D:4)
  A giant frog skeleton (D:3)
  Jessica (D:2)
  2 orc wizards
  Terence (D:3)
  Natasha (thrice) (D:3)
  2 worker ants (D:4)
  7 adders
  5 worms
  3 giant geckos
  10 orcs
  15 bats
  A giant cockroach (D:2)
  10 goblins
  12 hobgoblins
  5 jackals
  2 quokkas (D:2)
  3 ball pythons
  A giant gecko skeleton (D:4)
  8 giant newts
  8 kobolds
  6 rats
107 creatures vanquished.

Action                   |  1- 3 |  4- 6 |  7- 9 || total
-------------------------+-------+-------+-------++-------
Melee: Whip              |    61 |    24 |       ||    85
       Dagger            |       |    59 |       ||    59
       Short sword       |       |    27 |    53 ||    80
       Unarmed           |       |     2 |       ||     2
 Cast: Sting             |    69 |    68 |       ||   137
       Mephitic Cloud    |     2 |    11 |       ||    13
       Olgreb's Toxic Ra |       |    14 |     5 ||    19
       Cure Poison       |       |    10 |     4 ||    14
Invok: Sacrifice Arcana  |       |     1 |       ||     1
 Abil: Dig               |       |     1 |       ||     1
Evoke: Wand              |       |       |     3 ||     3
  Use: Scroll            |     5 |     2 |     1 ||     8
       Potion            |       |     2 |     1 ||     3
 Stab: Confused          |     2 |     1 |       ||     3
       Distracted        |     1 |       |       ||     1
  Eat: Chunk             |     3 |     9 |     3 ||    15
       Bread ration      |       |     1 |       ||     1

Vault maps used:
D:1:      lightli_arrival_maybe_door_vault
D:2:      bloody_makhleb, nicolae_ru_awakened_eye
D:3:      lemuel_crystal_altar, first_bread, uniq_natasha, uniq_terence,
          uniq_jessica
